 Dungeon Crawl Stone Soup version 0.27.1-34-g3ba077fa99 (webtiles) character file.

Game seed: 4668218635236656056

623 sking99 the Chopper (level 7, 0/61 HPs)
             Began as a Hill Orc Fighter on Jan 23, 2022.
             Slain by a sky beast (3 damage)
             ... on level 6 of the Dungeon.
             The game lasted 00:02:50 (2886 turns).

sking99 the Chopper (Hill Orc Fighter)              Turns: 2886, Time: 00:02:51

Health: 0/61       AC:  7    Str: 21    XL:     7   Next: 47%
Magic:  7/7        EV:  7    Int:  8    God:
Gold:   125        SH: 10    Dex: 10    Spells: 6/6 levels left

rFire    . . .     SeeInvis .   a - +0 war axe
rCold    . . .     Faith    .   c - +0 kite shield
rNeg     . . .     Spirit   .   b - +0 scale mail
rPois    .         Reflect  .   (no helmet)
rElec    .         Harm     .   (no cloak)
rCorr    .         Rampage  .   (no gloves)
Will     .....                  (no boots)
Stlth    ..........             (no amulet)
HPRegen  0.20/turn              (no ring)
MPRegen  0.10/turn              (no ring)

@: no status effects
A: no striking features
a: no special abilities


You were on level 6 of the Dungeon.
You visited 1 branch of the dungeon, and saw 5 of its levels.

You collected 125 gold pieces.

Inventory:

Hand Weapons
 a - a +0 war axe (weapon)
Armour
 b - a +0 scale mail (worn)
 c - a +0 kite shield (worn)
Jewellery
 e - a ring of resist corrosion
 k - a ring of see invisible
Scrolls
 f - a scroll of blinking {unknown}
 g - a scroll of fear {unknown}
 h - 2 scrolls of teleportation {unknown}
 j - a scroll of identify {unknown}
 n - a scroll of torment {unknown}
Potions
 d - 2 potions of flight {unknown}
 i - a potion of brilliance {unknown}
 l - a potion of might
 m - a potion of curing {unknown}


   Skills:
 + Level 5.5 Fighting
 * Level 7.0 Axes
 + Level 5.0 Armour
 + Level 5.0 Shields


You had 6 spell levels left.
You didn't know any spells.
Your spell library contained the following spells:

 Spells                   Type           Power      Damage    Failure   Level
 Animate Skeleton         Necr           0%         N/A       99%         1
 Apportation              Tloc           0%         N/A       99%         1
 Corona                   Hex            0%         N/A       99%         1
 Summon Small Mammal      Summ           0%         N/A       99%         1


Dungeon Overview and Level Annotations

Branches:
Dungeon (6/15)
 Temple: D:4-7

Altars:

Shops:
D:1 :   D:2 (   D:6 (


Message History

You miss something. Something hits you. Something shocks you.
You closely miss something. Something hits you but does no damage.
You miss something. Something hits you. Something shocks you.
A sky beast appears from thin air!
Reactivating autopickup.
You block the sky beast's attack.
You barely miss the sky beast.
The sky beast hits you but does no damage.
You hit the sky beast but do no damage.
The sky beast hits you but does no damage.
You slash the sky beast!
The sky beast is heavily wounded.
The sky beast barely misses you.
The sky beast hits you but does no damage.
You slash the sky beast!
The sky beast is almost dead.
The sky beast hits you but does no damage.
You hit the sky beast.
The sky beast is almost dead.
The sky beast hits you but does no damage.
You hit the sky beast.
The sky beast is almost dead.
The sky beast hits you. The sky beast shocks you. The sky beast hits you.
The sky beast shocks you.
You closely miss the sky beast.
The sky beast is almost dead.
The sky beast flickers out of sight!
Deactivating autopickup; reactivate with Ctrl-A.
Something hits you.
* * * LOW HITPOINT WARNING * * *
Something shocks you.
* * * LOW HITPOINT WARNING * * *
You miss something. Something hits you.
* * * LOW HITPOINT WARNING * * *
Something shocks you.
* * * LOW HITPOINT WARNING * * *
You closely miss something.
A sky beast appears from thin air!
Reactivating autopickup.
The sky beast barely misses you. The sky beast hits you.
You die...

#...#....######
#...#....#
#...#....#####
#...#....'...#
#...#....###.#
#...#....# #.#
+...+.#### #.#
#...########>#
+...'Y@......#
+....##########
#....# #.>..#
.?..#{#
#.#.##.# #.#.
..# # ##


You could see a sky beast.

Vanquished Creatures
  A centaur zombie (D:6)
  An ogre (D:2)
  A wyvern skeleton (D:6)
  Terence (D:2)
  An iguana (D:6)
  Natasha (thrice) (D:2)
  A worm (D:2)
  4 dart slugs
  An orc (D:3)
  4 ball pythons
  2 bats
  3 endoplasms
  3 giant cockroaches (D:2)
  2 goblins
  4 hobgoblins (D:1)
  2 jackals (D:3)
  A quokka (D:2)
  A frilled lizard (D:2)
  3 kobolds
  4 rats
43 creatures vanquished.

Notes
Turn   | Place    | Note
-------+----------+-------------------------------------------
     0 | D:1      | sking99 the Hill Orc Fighter began the quest for the Orb.
     0 | D:1      | Reached XP level 1. HP: 19/19 MP: 1/1
     1 | D:1      | Noticed a minotaur skeleton
    11 | D:1      | Noticed a minotaur skeleton
    18 | D:1      | Noticed a minotaur skeleton
   128 | D:1      | Found Luis's Book Emporium.
   137 | D:1      | Reached skill level 3 in Axes
   261 | D:1      | Reached XP level 2. HP: 27/27 MP: 2/2
  1018 | D:2      | Reached XP level 3. HP: 33/33 MP: 3/3
  1082 | D:2      | Noticed Natasha
  1091 | D:2      | Killed Natasha
  1092 | D:2      | Reached skill level 4 in Axes
  1301 | D:2      | Noticed Terence
  1326 | D:2      | Killed Terence
  1327 | D:2      | Reached XP level 4. HP: 24/40 MP: 4/4
  1476 | D:2      | Noticed an ogre
  1582 | D:2      | Killed an ogre
  1583 | D:2      | Reached skill level 5 in Axes
  1583 | D:2      | Reached XP level 5. HP: 14/47 MP: 5/5
  1942 | D:2      | Noticed Natasha
  1949 | D:2      | Killed Natasha
  2097 | D:2      | Noticed Natasha
  2100 | D:2      | Found Oryf Ahyus's Weapon Boutique.
  2106 | D:2      | Killed Natasha
  2192 | D:2      | Reached XP level 6. HP: 53/53 MP: 6/6
  2414 | D:3      | You fall into a shaft and drop 3 floors!
  2414 | D:6      | Found Regest's Antique Weapon Shop.
  2418 | D:5      | Entered Level 5 of the Dungeon
  2418 | D:5      | Noticed a black bear
  2427 | D:6      | HP: 2/53 [iguana (11)]
  2866 | D:6      | Reached skill level 5 in Fighting
  2866 | D:6      | Reached skill level 7 in Axes
  2866 | D:6      | Reached skill level 5 in Armour
  2866 | D:6      | Reached skill level 5 in Shields
  2866 | D:6      | Reached XP level 7. HP: 57/61 MP: 7/7
  2885 | D:6      | HP: 3/61 [something (5)]
  2886 | D:6      | Slain by a sky beast

Illustrated notes

Levels and vault maps discovered:
D:1:      shiori_arrival_whats_in_store_for_you, layout_loops_ring,
          serial_shops, nicolae_shop_crystal, minmay_hedge_maze
D:2:      layout_basic, serial_shops, shop, uniq_terence, uniq_natasha
D:3:      layout_rooms, minmay_diced_spiral
D:5:      layout_loops_cross, gammafunk_temple_overflow_wave
D:6:      layout_basic, serial_shops, shop, dk_noncrumbling_2,
          minmay_misc_feat_pillars, kennysheep_generic_room_12

Skill      XL: |  1  2  3  4  5  6 |
---------------+-------------------+-----
Axes           | 3 4 5 7 |  7.0
Fighting       | 4 5 |  5.5
Armour         | 4 5 |  5.0
Shields        | 4 5 |  5.0

Action                   |  1- 3 |  4- 6 |  7- 9 || total
-------------------------+-------+-------+-------++-------
Melee: War axe           |    81 |    96 |    14 ||   191
  Use: Potion            |       |     1 |       ||     1
Armor: Scale mail        |    32 |    59 |     8 ||    99
Dodge: Dodged            |    24 |    24 |     2 ||    50
Block: Kite shield       |    45 |    63 |     1 ||   109
